[Event "Panevezys Elite Open 2019"]
[Site "Panevezys"]
[Date "2019.06.25"]
[Round "1.1"]
[White "Badelka, Olga"]
[Black "Sulskis, Sarunas"]
[Result "1/2-1/2"]
[ECO "D32"]
[WhiteElo "2391"]
[BlackElo "2528"]
[Annotator "RC"]
[PlyCount "100"]
[EventDate "2019.06.24"]
[EventType "swiss"]
[EventCountry "LTU"]
[SourceTitle "playchess.com"]
[Source "ChessBase"]
[SourceQuality "1"]
[TimeControl "40/5400+30:1800+30"]

1. d4 d5 2. c4 e6 3. Nc3 c5 4. cxd5 cxd4 5. Qxd4 Nc6 6. Qd1 exd5 7. e3 Nf6 8. Nf3 Bc5 9. Be2 O-O 10. O-O a6 11. b3 d4 12. Na4 Ba7 13. Nxd4 Nxd4 14. exd4 Bxd4 15. Bb2 Bxb2 16. Nxb2 Bf5 17. Bf3 Be4 18. Bxe4 Nxe4 19. Re1 f5 20. Nc4 b5 21. Ne3 Qxd1 22. Raxd1 Nc3 23. Rd3 Nxa2 24. Nd5 Rfe8 25. Ra1 Rac8 26. Rdd1 Nc3 27. Nxc3 Rxc3 28. Rxa6 Rxb3 29. g3 f4 30. gxf4 Rb4 31. Rb6 Rf8 32. Rd5 Rbxf4 33. Rdxb5 Rxf2 34. Rb8 g6 35. Rxf8+ Rxf8 36. Rb7 Rf7 37. Rb8+ Kg7 38. Kg2 Ra7 39. Kg3 Ra3+ 40. Kg2 Ra2+ 41. Kg3 Ra3+ 42. Kg2 g5 43. Rb6 g4 44. Rc6 h5 45. Rb6 Kf7 46. Rh6 Ra5 47. Kg3 Kg7 48. Rb6 Ra3+ 49. Kg2 Rf3 50. Ra6 Rc3 1/2-1/2

[Event "Panevezys Elite Open 2019"]
[Site "Panevezys"]
[Date "2019.06.25"]
[Round "2.10"]
[White "Cholleti Sahajasri"]
[Black "Harshita Guddanti"]
[Result "1/2-1/2"]
[ECO "E04"]
[WhiteElo "2207"]
[BlackElo "2072"]
[Annotator "RC"]
[PlyCount "51"]
[EventDate "2019.06.24"]
[EventType "swiss"]
[EventCountry "LTU"]
[SourceTitle "playchess.com"]
[Source "ChessBase"]
[SourceQuality "1"]
[TimeControl "40/5400+30:1800+30"]

1. d4 Nf6 2. c4 e6 3. g3 d5 4. Nf3 dxc4 5. Bg2 Bb4+ 6. Bd2 a5 7. Qc2 Nc6 8. Qxc4 Qd5 9. Qxd5 exd5 10. Nc3 Bxc3 11. Bxc3 Ne4 12. Nd2 Nxd2 13. Kxd2 Be6 14. b3 a4 15. Rhb1 O-O 16. e3 Na5 17. Bxa5 Rxa5 18. b4 Ra6 19. a3 b5 20. Rc1 c6 21. Rc5 f5 22. f3 Bd7 23. Re1 Raa8 24. Bh3 Rad8 25. Rg1 Rf6 26. Bf1 1/2-1/2

[Event "Panevezys Elite Open 2019"]
[Site "Panevezys"]
[Date "2019.06.25"]
[Round "3.12"]
[White "Harshita Guddanti"]
[Black "Kalinowska, Zuzanna"]
[Result "1/2-1/2"]
[ECO "C18"]
[WhiteElo "2072"]
[BlackElo "2093"]
[Annotator "NA RC"]
[PlyCount "47"]
[EventDate "2019.06.24"]
[EventType "swiss"]
[EventCountry "LTU"]
[SourceTitle "playchess.com"]
[Source "ChessBase"]
[SourceQuality "1"]
[TimeControl "40/5400+30:1800+30"]

1. e4 e6 2. d4 d5 3. Nc3 Bb4 4. e5 c5 5. a3 Bxc3+ 6. bxc3 Ne7 7. Qg4 O-O 8. Bd3 f5 9. exf6 Rxf6 10. Bg5 Nd7 11. Qh4 h6 12. Bxf6 Nxf6 13. dxc5 e5 14. f3 e4 15. fxe4 dxe4 16. Bc4+ Kh7 17. Nh3 Qa5 18. Ng5+ Kh8 19. Nf7+ Kh7 20. Ng5+ Kh8 21. Nf7+ Kh7 22. Ng5+ Kh8 23. Nf7+ Kh7 24. Ng5+ 1/2-1/2

[Event "Panevezys Elite Open 2019"]
[Site "Panevezys"]
[Date "2019.06.25"]
[Round "3.13"]
[White "Zaura, Vidmantas"]
[Black "Stasans, Aivars"]
[Result "0-1"]
[ECO "A05"]
[WhiteElo "2223"]
[BlackElo "2039"]
[Annotator "RC"]
[PlyCount "116"]
[EventDate "2019.06.24"]
[EventType "swiss"]
[EventCountry "LTU"]
[SourceTitle "playchess.com"]
[Source "ChessBase"]
[SourceQuality "1"]
[TimeControl "40/5400+30:1800+30"]

1. Nf3 Nf6 2. g3 b6 3. Bg2 Bb7 4. O-O g6 5. d4 Bg7 6. c4 O-O 7. Nc3 Ne4 8. Qc2 Nxc3 9. bxc3 d6 10. Rd1 Nd7 11. Be3 Qe8 12. h4 Nf6 13. d5 e5 14. Bg5 Nd7 15. e4 Ba6 16. Bf1 Nc5 17. Re1 Qa4 18. Rac1 Qxc2 19. Rxc2 f5 20. exf5 gxf5 21. Be3 Rae8 22. Bxc5 bxc5 23. Ng5 Bc8 24. Bg2 h6 25. Ne6 Bxe6 26. dxe6 e4 27. f3 Rxe6 28. fxe4 Rfe8 29. Bh3 Rxe4 30. Rxe4 fxe4 31. Bf5 e3 32. Kf1 Be5 33. g4 Bg3 34. Ke2 Bxh4 35. Rb2 Bg5 36. Rb7 Kg7 37. Rxc7+ Kf6 38. Rd7 Bf4 39. Rxa7 Rb8 40. Kf3 Rb2 41. Bd3 Rf2+ 42. Ke4 Bg5 43. Rb7 Rxa2 44. Rb1 Ke6 45. Rf1 Rd2 46. Rg1 Rf2 47. Rf1 e2 48. Re1 Rf4+ 49. Ke3 Rxc4+ 50. Kxe2 Rxc3 51. Bf5+ Kf6 52. Bd3 d5 53. Rf1+ Ke5 54. Rf7 c4 55. Bf5 Re3+ 56. Kf2 Kd4 57. Rd7 Re5 58. Rc7 Kc3 0-1

[Event "Panevezys Elite Open 2019"]
[Site "Panevezys"]
[Date "2019.06.26"]
[Round "5.3"]
[White "Harutjunyan, Gevorg"]
[Black "Rudzinska, Michalina"]
[Result "*"]
[ECO "B43"]
[WhiteElo "2446"]
[BlackElo "2143"]
[Annotator "NA RC"]
[PlyCount "45"]
[EventDate "2019.06.24"]
[EventType "swiss"]
[EventCountry "LTU"]
[SourceTitle "playchess.com"]
[Source "ChessBase"]
[SourceQuality "1"]
[TimeControl "40/5400+30:1800+30"]

1. e4 c5 2. Nf3 e6 3. d4 cxd4 4. Nxd4 a6 5. Nc3 b5 6. Bd3 Bb7 7. O-O Qc7 8. Re1 d6 9. Bg5 Nc6 10. Nxc6 Bxc6 11. a4 b4 12. Nd5 Qb7 13. a5 h6 14. Bd2 Be7 15. Nxb4 Nf6 16. Qe2 Bxe4 17. Bxe4 d5 18. Nxd5 exd5 19. Bf3 Rd8 20. Ra3 Ne4 21. Rb3 Qd7 22. Bxe4 dxe4 23. Qxe4 *

[Event "Panevezys Elite Open 2019"]
[Site "Panevezys"]
[Date "2019.06.26"]
[Round "5.11"]
[White "Sliwicka, Alicja"]
[Black "Harshita Guddanti"]
[Result "*"]
[ECO "C91"]
[WhiteElo "2261"]
[BlackElo "2072"]
[Annotator "NA RC"]
[PlyCount "165"]
[EventDate "2019.06.24"]
[EventType "swiss"]
[EventCountry "LTU"]
[SourceTitle "playchess.com"]
[Source "ChessBase"]
[SourceQuality "1"]
[TimeControl "40/5400+30:1800+30"]

1. e4 e5 2. Nf3 Nc6 3. Bb5 a6 4. Ba4 Nf6 5. O-O Be7 6. Re1 b5 7. Bb3 d6 8. c3 O-O 9. d4 Bg4 10. d5 Na5 11. Bc2 c6 12. h3 Bc8 13. dxc6 Qc7 14. Nbd2 Qxc6 15. Nf1 Nc4 16. Ng3 Rd8 17. Qe2 g6 18. a4 Bb7 19. b3 Nb6 20. axb5 Qxc3 21. Be3 axb5 22. Rxa8 Nxa8 23. Qxb5 Bc6 24. Qd3 Qb4 25. Ra1 d5 26. Nxe5 dxe4 27. Nxc6 exd3 28. Nxb4 Bxb4 29. Rd1 d2 30. Nf1 Nd5 31. Bxd2 Rc8 32. Be4 Nc3 33. Bxc3 Bxc3 34. Rd7 Nb6 35. Rd6 Rb8 36. Ne3 Be5 37. Rd3 Rc8 38. g3 f5 39. Bd5+ Kf8 40. Nc4 Nxc4 41. Bxc4 Ke7 42. Rd5 Bd6 43. Ra5 Bc5 44. h4 Kd6 45. Kg2 Kc6 46. Ra6+ Bb6 47. Ra2 Rd8 48. Re2 Bc5 49. Kf3 Bb4 50. Re6+ Rd6 51. Rxd6+ Kxd6 52. Bg8 h6 53. Bh7 g5 54. hxg5 hxg5 55. Bxf5 Ke5 56. Kg4 Kf6 57. Bc8 Bc5 58. f4 gxf4 59. Kxf4 Bd6+ 60. Kg4 Be7 61. Kh5 Ke5 62. g4 Kf4 63. Kg6 Bb4 64. Kf6 Bd2 65. Bf5 Ba5 66. Ke6 Bc3 67. Kd5 Bd2 68. Kc5 Be3+ 69. Kc4 Ke5 70. b4 Kd6 71. b5 Bg5 72. Kd4 Bd8 73. Ke4 Kc5 74. Bd7 Kd6 75. Bc6 Ke6 76. Bd5+ Kf6 77. Bc4 Ke7 78. g5 Kf8 79. Kf5 Kg7 80. g6 Bb6 81. Bd3 Bd4 82. Ke6 Kf8 83. Kd7 *

[Event "Panevezys Elite Open 2019"]
[Site "Panevezys"]
[Date "2019.06.27"]
[Round "6.7"]
[White "Semjonovs, Ilja"]
[Black "Sulskis, Sarunas"]
[Result "0-1"]
[ECO "A09"]
[WhiteElo "2383"]
[BlackElo "2528"]
[Annotator "RC"]
[PlyCount "100"]
[EventDate "2019.06.24"]
[EventType "swiss"]
[EventCountry "LTU"]
[SourceTitle "playchess.com"]
[Source "ChessBase"]
[SourceQuality "1"]
[TimeControl "40/5400+30:1800+30"]

1. Nf3 d5 2. c4 d4 3. e3 Nc6 4. b4 Nxb4 5. exd4 e6 6. Bb2 Nf6 7. a3 Nc6 8. d3 Be7 9. g3 O-O 10. Bg2 Ne8 11. Nbd2 Nd6 12. Ne5 Nxe5 13. dxe5 Nf5 14. Be4 Rb8 15. a4 b6 16. O-O Bb7 17. Qf3 Bxe4 18. Qxe4 c5 19. f4 h5 20. Nf3 a6 21. Bc3 Qd7 22. Kf2 b5 23. axb5 axb5 24. Rfb1 Rfd8 25. Rxb5 Rxb5 26. cxb5 Qxb5 27. Ra8 Rxa8 28. Qxa8+ Kh7 29. Qe4 Qb1 30. Bd2 g6 31. Be1 Bd8 32. Qc4 Qd1 33. Bd2 Nh6 34. h3 Qh1 35. Qxc5 Qxh3 36. Ke2 Qxg3 37. Qg1 Qh3 38. Be1 Nf5 39. Ba5 Bh4 40. Be1 Kg7 41. Nxh4 Nxh4 42. Bxh4 Qxh4 43. Kf3 Qh3+ 44. Ke4 Qg4 45. Qxg4 hxg4 46. Ke3 Kh6 47. Kf2 Kh5 48. Kg3 g5 49. f5 exf5 50. d4 f4+ 0-1

[Event "Panevezys Elite Open 2019"]
[Site "Panevezys"]
[Date "2019.06.27"]
[Round "6.12"]
[White "Stasans, Aivars"]
[Black "Sinitsina, Anastassia"]
[Result "0-1"]
[ECO "B48"]
[WhiteElo "2039"]
[BlackElo "2095"]
[Annotator "NA RC"]
[PlyCount "120"]
[EventDate "2019.06.24"]
[EventType "swiss"]
[EventCountry "LTU"]
[SourceTitle "playchess.com"]
[Source "ChessBase"]
[SourceQuality "1"]
[TimeControl "40/5400+30:1800+30"]

1. e4 c5 2. Nf3 e6 3. d4 cxd4 4. Nxd4 Nc6 5. Nc3 Qc7 6. Be3 a6 7. Qd2 Nf6 8. f3 Ne5 9. Bf4 d6 10. Nb3 Be7 11. O-O-O O-O $15 12. Kb1 b5 13. a3 Bb7 14. Qf2 Ng6 15. Bg3 Nh5 16. f4 Bf6 17. Rd3 Nxg3 18. hxg3 Rac8 19. Qe3 a5 20. Nd4 b4 21. Ndb5 Qb8 22. axb4 axb4 23. Nd1 Ba6 24. Nxd6 Bxd3 25. Bxd3 Qxd6 26. e5 Qc5 27. exf6 Qxe3 28. Nxe3 gxf6 29. Ka2 f5 30. Kb3 Rb8 31. Ra1 h5 32. Rf1 Kg7 33. Nc4 Rh8 34. Nd6 h4 35. gxh4 Rxh4 36. g3 Rh3 37. Rg1 Kf6 38. Kc4 Ne7 39. Kc5 Rg8 40. Kxb4 Nd5+ 41. Kc5 Nxf4 42. gxf4 Rxg1 43. b4 Ke7 44. Nc4 f6 45. b5 Kd7 46. b6 Rg8 47. Nd6 Rb8 48. Bb5+ Ke7 49. Bd3 Rhh8 50. Ba6 Rxb6 51. Nxf5+ exf5 52. Kxb6 Rh4 53. c4 Rxf4 54. c5 Rb4+ 55. Kc6 f4 56. Kd5 f3 57. c6 Kd8 58. Kd6 Rd4+ 59. Kc5 Rd2 60. Kb6 Rb2+ 0-1

[Event "Panevezys Elite Open 2019"]
[Site "Panevezys"]
[Date "2019.06.28"]
[Round "7.2"]
[White "Harutjunyan, Gevorg"]
[Black "Brazdzionis, Andrius"]
[Result "1-0"]
[ECO "C12"]
[WhiteElo "2446"]
[BlackElo "2337"]
[Annotator "NA"]
[PlyCount "57"]
[EventDate "2019.06.24"]
[EventType "swiss"]
[EventCountry "LTU"]
[SourceTitle "playchess.com"]
[Source "ChessBase"]
[SourceQuality "1"]
[TimeControl "40/5400+30:1800+30"]

1. e4 e6 2. d4 d5 3. Nc3 Nf6 4. Bg5 Bb4 5. e5 h6 6. Be3 Ne4 7. Qg4 g6 8. a3 Bxc3+ 9. bxc3 c5 10. Bd3 Nxc3 11. dxc5 Qa5 12. Qb4 Qxb4 13. axb4 Bd7 14. Nf3 Bb5 15. Kd2 Bxd3 16. Kxd3 Nb5 17. Ra5 Nc7 18. b5 Kd8 19. Rha1 Kc8 20. c6 bxc6 21. Rxa7 Rxa7 22. Rxa7 cxb5 23. Bb6 Nba6 24. Nd4 Re8 25. h4 Rg8 26. Bxc7 Nxc7 27. Nxb5 Ne8 28. Rxf7 g5 29. Na7+ 1-0

[Event "Panevezys Elite Open 2019"]
[Site "Panevezys"]
[Date "2019.06.28"]
[Round "7.3"]
[White "Laurusas, Tomas"]
[Black "Stremavicius, Titas"]
[Result "1/2-1/2"]
[ECO "A06"]
[WhiteElo "2507"]
[BlackElo "2477"]
[Annotator "RC"]
[PlyCount "154"]
[EventDate "2019.06.24"]
[EventType "swiss"]
[EventCountry "LTU"]
[SourceTitle "playchess.com"]
[Source "ChessBase"]
[SourceQuality "1"]
[TimeControl "40/5400+30:1800+30"]

1. Nf3 d5 2. g3 Nf6 3. Bg2 e6 4. O-O b5 5. b3 c6 6. Bb2 Be7 7. d3 a5 8. e4 O-O 9. Nbd2 a4 10. c4 a3 11. Bd4 c5 12. Bxf6 Bxf6 13. e5 Be7 14. d4 bxc4 15. bxc4 Ba6 16. dxc5 Bxc5 17. Qc2 Nd7 18. Rfd1 Qc7 19. Rac1 Rac8 20. Ng5 g6 21. Qa4 Qa7 22. cxd5 Bxf2+ 23. Kh1 Rxc1 24. Rxc1 Be3 25. Qh4 h5 26. dxe6 Bxd2 27. Rd1 Qe3 28. exf7+ Kh8 29. e6 Nf6 30. Ne4 g5 31. e7 Rxf7 32. e8=Q+ Nxe8 33. Qxh5+ Kg7 34. Nxd2 Be2 35. Re1 Bxh5 36. Rxe3 Rf2 37. Rd3 Bg6 38. Rd4 Re2 39. Kg1 Bf7 40. Kf1 Re5 41. Ra4 Bxa2 42. Rxa3 Bf7 43. Kf2 Rf5+ 44. Ke3 Nf6 45. Be4 Rb5 46. h3 Be6 47. Ra7+ Kf8 48. g4 Bd5 49. Bd3 Rb4 50. Nf3 Bxf3 51. Kxf3 Rb3 52. Ke3 Nd5+ 53. Ke4 Nf4 54. Bc4 Rb4 55. Rc7 Nxh3 56. Kf5 Ke8 57. Be6 Rf4+ 58. Kg6 Rf2 59. Bf5 Kd8 60. Rd7+ Ke8 61. Rh7 Nf4+ 62. Kxg5 Nd5 63. Kg6 Re2 64. Rh8+ Ke7 65. Ra8 Rf2 66. Ra7+ Kd6 67. Ra6+ Ke7 68. Kg7 Re2 69. Ra7+ Kd6 70. Ra6+ Ke7 71. Kh6 Rh2+ 72. Kg6 Re2 73. g5 Nf4+ 74. Kh6 Rh2+ 75. Kg7 Rh5 76. Ra7+ Kd6 77. Rd7+ Ke5 1/2-1/2

[Event "Panevezys Elite Open 2019"]
[Site "Panevezys"]
[Date "2019.06.28"]
[Round "7.4"]
[White "Sulskis, Sarunas"]
[Black "Krykun, Yuriy"]
[Result "1/2-1/2"]
[ECO "C77"]
[WhiteElo "2528"]
[BlackElo "2342"]
[Annotator "ChessBase"]
[PlyCount "85"]
[EventDate "2019.06.24"]
[EventType "swiss"]
[EventCountry "LTU"]
[SourceTitle "playchess.com"]
[Source "ChessBase"]
[SourceQuality "1"]
[TimeControl "40/5400+30:1800+30"]

1. e4 e5 2. Nf3 Nc6 3. Bb5 a6 4. Ba4 Nf6 5. Qe2 b5 6. Bb3 Bc5 7. c3 O-O 8. d3 d5 9. exd5 Nxd5 10. Qe4 Nde7 11. Bg5 Bf5 12. Qxf5 Nxf5 13. Bxd8 Raxd8 14. Nbd2 g6 15. Ke2 Kg7 16. a4 Bb6 17. h4 h6 18. axb5 axb5 19. Ne4 Nd6 20. Nxd6 Rxd6 21. g4 Re8 22. Bc2 Nd8 23. Ra8 Re7 24. Nd2 Ne6 25. Ne4 Rd8 26. Rxd8 Nxd8 27. g5 Ne6 28. Kf3 c6 29. Bb3 Nc5 30. Nxc5 Bxc5 31. Ra1 hxg5 32. hxg5 Ra7 33. Rxa7 Bxa7 34. Kg3 Bc5 35. Bd1 b4 36. Ba4 bxc3 37. bxc3 Be7 38. f4 exf4+ 39. Kxf4 c5 40. Bb3 f6 41. gxf6+ Bxf6 42. Bd5 Bxc3 43. Kg4 1/2-1/2

[Event "Panevezys Elite Open 2019"]
[Site "Panevezys"]
[Date "2019.06.28"]
[Round "7.5"]
[White "Gleizerov, Evgeny"]
[Black "Krivonosov, Oleg"]
[Result "1/2-1/2"]
[ECO "D30"]
[WhiteElo "2495"]
[BlackElo "2411"]
[Annotator "ChessBase"]
[PlyCount "29"]
[EventDate "2019.06.24"]
[EventType "swiss"]
[EventCountry "LTU"]
[SourceTitle "playchess.com"]
[Source "ChessBase"]
[SourceQuality "1"]
[TimeControl "40/5400+30:1800+30"]

1. d4 d5 2. c4 e6 3. Nf3 Nf6 4. g3 Bb4+ 5. Nc3 O-O 6. Bg2 c6 7. Qb3 a5 8. a3 Be7 9. O-O Nbd7 10. Rd1 a4 11. Qa2 Qa5 12. Nd2 b5 13. cxb5 cxb5 14. e4 Nb6 15. e5 1/2-1/2

[Event "Panevezys Elite Open 2019"]
[Site "Panevezys"]
[Date "2019.06.28"]
[Round "7.7"]
[White "Cholleti Sahajasri"]
[Black "Badelka, Olga"]
[Result "0-1"]
[ECO "D02"]
[WhiteElo "2207"]
[BlackElo "2391"]
[Annotator "NA"]
[PlyCount "74"]
[EventDate "2019.06.24"]
[EventType "swiss"]
[EventCountry "LTU"]
[SourceTitle "playchess.com"]
[Source "ChessBase"]
[SourceQuality "1"]
[TimeControl "40/5400+30:1800+30"]

1. Nf3 d5 2. d4 Nf6 3. c4 e6 4. g3 dxc4 5. Qa4+ Nbd7 6. Qxc4 c5 7. Bg2 cxd4 8. Qxd4 Bc5 9. Qd1 O-O 10. O-O Qe7 11. Nc3 Rd8 12. Qc2 h6 13. b3 e5 14. e3 Nf8 15. Bb2 Ng6 16. Rfd1 Bg4 17. h3 Be6 18. Nd2 Rac8 19. Nde4 Nxe4 20. Qxe4 b6 21. Rac1 f5 22. Qb1 Qf7 23. Na4 Bf8 24. Rxd8 Rxd8 25. Qa1 f4 26. Kh2 Rd2 27. Rf1 f3 28. Bh1 Qf5 29. g4 Qc2 30. Kg1 b5 31. Rc1 Qd3 32. Bc3 Rc2 33. Rxc2 Qxc2 34. Bxf3 bxa4 35. Bxe5 axb3 36. axb3 Nxe5 37. Qxe5 Qxb3 0-1

[Event "Panevezys Elite Open 2019"]
[Site "Panevezys"]
[Date "2019.06.28"]
[Round "7.9"]
[White "Sliwicka, Alicja"]
[Black "Juknis, Paulius"]
[Result "1/2-1/2"]
[ECO "C13"]
[WhiteElo "2261"]
[BlackElo "2169"]
[Annotator "NA"]
[PlyCount "71"]
[EventDate "2019.06.24"]
[EventType "swiss"]
[EventCountry "LTU"]
[SourceTitle "playchess.com"]
[Source "ChessBase"]
[SourceQuality "1"]
[TimeControl "40/5400+30:1800+30"]

1. e4 e6 2. d4 d5 3. Nc3 Nf6 4. Bg5 Be7 5. e5 Nfd7 6. h4 Nc6 7. Bxe7 Qxe7 8. Qd2 Nb6 9. f4 Bd7 10. Nf3 O-O-O 11. h5 h6 12. O-O-O f6 13. Nh4 Be8 14. g4 fxe5 15. fxe5 Kb8 16. a3 a6 17. Kb1 Rf8 18. Be2 Nc4 19. Bxc4 dxc4 20. Qe3 Qg5 21. Qxg5 hxg5 22. Ng2 Rxd4 23. Rxd4 Nxd4 24. Rd1 Bc6 25. Rxd4 Bxg2 26. Rd7 Rf1+ 27. Ka2 Bh3 28. Rxg7 Bxg4 29. h6 Rh1 30. h7 Ka7 31. Ne4 Rh2 32. Rxc7 Bf5 33. Nxg5 Bxc2 34. Rxc4 Bxh7 35. Nxh7 Rxh7 36. Kb3 1/2-1/2

[Event "Panevezys Elite Open 2019"]
[Site "Panevezys"]
[Date "2019.06.28"]
[Round "7.10"]
[White "Zhukov, Anton"]
[Black "Harshita Guddanti"]
[Result "1-0"]
[ECO "A57"]
[WhiteElo "2178"]
[BlackElo "2072"]
[Annotator "NA"]
[PlyCount "75"]
[EventDate "2019.06.24"]
[EventType "swiss"]
[EventCountry "LTU"]
[SourceTitle "playchess.com"]
[Source "ChessBase"]
[SourceQuality "1"]
[TimeControl "40/5400+30:1800+30"]

1. d4 Nf6 2. c4 c5 3. d5 b5 4. Qc2 bxc4 5. e4 e6 6. Nc3 exd5 7. e5 Bb7 8. exf6 Qxf6 9. Nf3 h6 10. Qd1 Qe6+ 11. Qe2 g5 12. Bd2 Na6 13. a3 Bg7 14. O-O-O O-O 15. Re1 Qb6 16. h4 f6 17. hxg5 fxg5 18. Qd1 Nc7 19. Qc2 Ne6 20. Na4 Qd6 21. Bc3 Nd4 22. Nxd4 cxd4 23. Bb4 Qf4+ 24. Kb1 d3 25. Qd1 d6 26. Re6 Rad8 27. f3 d4 28. b3 Bd5 29. Re7 a5 30. Bxa5 Rb8 31. Bb4 Bc6 32. Nb2 Qf6 33. Rxg7+ Kxg7 34. Nxc4 Rfd8 35. Bxd3 d5 36. Nb2 Re8 37. Bc2 Rb5 38. Qd3 1-0

[Event "Panevezys Elite Open 2019"]
[Site "Panevezys"]
[Date "2019.06.28"]
[Round "7.12"]
[White "Zaura, Vidmantas"]
[Black "Juksta, Karolis"]
[Result "0-1"]
[ECO "A09"]
[WhiteElo "2223"]
[BlackElo "2261"]
[Annotator "NA"]
[PlyCount "44"]
[EventDate "2019.06.24"]
[EventType "swiss"]
[EventCountry "LTU"]
[SourceTitle "playchess.com"]
[Source "ChessBase"]
[SourceQuality "1"]
[TimeControl "40/5400+30:1800+30"]

1. Nf3 d5 2. c4 d4 3. e3 Nc6 4. exd4 Nxd4 5. Nxd4 Qxd4 6. Nc3 c6 7. Be2 Nh6 8. O-O Nf5 9. b4 e5 10. b5 Be7 11. bxc6 bxc6 12. Bf3 Qd7 13. Re1 f6 14. Ne2 Nh4 15. Be4 f5 16. Bc2 O-O 17. Rb1 f4 18. d4 Qg4 19. Nxf4 Rxf4 20. Qxg4 Rxg4 21. Be4 Rxe4 22. Rxe4 Bf5 0-1

[Event "Panevezys Elite Open 2019"]
[Site "Panevezys"]
[Date "2019.06.28"]
[Round "7.13"]
[White "Stasans, Aivars"]
[Black "Kalinowska, Zuzanna"]
[Result "1-0"]
[ECO "C17"]
[WhiteElo "2039"]
[BlackElo "2093"]
[Annotator "NA"]
[PlyCount "87"]
[EventDate "2019.06.24"]
[EventType "swiss"]
[EventCountry "LTU"]
[SourceTitle "playchess.com"]
[Source "ChessBase"]
[SourceQuality "1"]
[TimeControl "40/5400+30:1800+30"]

1. e4 e6 2. d4 d5 3. Nc3 Bb4 4. e5 c5 5. Bd2 Bxc3 6. Bxc3 b6 7. Qg4 Kf8 8. Nf3 Ba6 9. Bxa6 Nxa6 10. h4 Nb4 11. Bxb4 cxb4 12. O-O Rc8 13. Rfc1 h5 14. Qf4 Ne7 15. Qd2 a5 16. c3 bxc3 17. Rxc3 Rxc3 18. Qxc3 f6 19. Rc1 Kf7 20. Qd3 Qd7 21. g3 Nf5 22. Qc3 Ne7 23. Qd3 Nf5 24. Qa6 Rb8 25. Kg2 Rb7 26. Qa8 Rc7 27. Rxc7 Qxc7 28. Qh8 Kg6 29. Qe8+ Qf7 30. Qc6 Kh6 31. Qxb6 g5 32. Qxa5 g4 33. Ng1 fxe5 34. dxe5 Qb7 35. Qd2+ Kh7 36. Ne2 d4+ 37. Kg1 Qe4 38. Nf4 Qb1+ 39. Kg2 Qe4+ 40. Kg1 Qb1+ 41. Kh2 d3 42. Qxd3 Qxb2 43. Qe2 Qb7 44. Nxe6 1-0

[Event "Panevezys Elite Open 2019"]
[Site "Panevezys"]
[Date "2019.06.29"]
[Round "8.2"]
[White "Badelka, Olga"]
[Black "Harutjunyan, Gevorg"]
[Result "1/2-1/2"]
[ECO "E20"]
[WhiteElo "2391"]
[BlackElo "2446"]
[Annotator "NA RC"]
[PlyCount "83"]
[EventDate "2019.06.24"]
[EventType "swiss"]
[EventCountry "LTU"]
[SourceTitle "playchess.com"]
[Source "ChessBase"]
[SourceQuality "1"]
[TimeControl "40/5400+30:1800+30"]

1. d4 Nf6 2. c4 e6 3. Nc3 Bb4 4. Bd2 O-O 5. Nf3 b6 6. e3 Bb7 7. Bd3 d5 8. cxd5 exd5 9. O-O Re8 {[%emt 0:04:52] E52: Nimzo-Indian: Rubinstein: 4...0-0 5 Nf3 d5 6 Bd3 b6} (9... Be7 10. Ne5 c5 11. Be1 Nc6 12. f3 cxd4 13. Nxc6 Bxc6 14. exd4 Bd6 15. Bh4 h6 16. Rc1 Bf4 17. Rc2 {1-0 (34) Fedoseev,V (2683)-Cheparinov,I (2667) Hengshui 2019}) 10. Rc1 a6 11. Ne5 Bd6 12. f4 Nbd7 13. g4 $146 ({Predecessor:} 13. Be1 c5 14. Bh4 Qc7 15. Qf3 Be7 16. Qh3 Nf8 17. g4 {1-0 (27) Rakhimzhan,A (2320)-Nukin,T (2155) Pavlodar 2019}) 13... b5 14. g5 Ne4 15. Nxe4 dxe4 16. Be2 Nb6 17. Nc6 Qd7 18. Bg4 Re6 19. Ne5 Qe8 20. Bxe6 Qxe6 21. b3 a5 22. f5 Qd5 23. g6 $18 fxg6 24. fxg6 hxg6 25. Qg4 Bxe5 26. dxe5 Qxd2 27. Qe6+ Kh7 28. Qh3+ Kg8 29. Rxc7 Nd5 30. Rxb7 Nxe3 31. Qe6+ Kh7 32. Qh3+ Kg8 33. Rd7 Qe2 34. Rc1 Nf5 35. Rdc7 Rd8 36. e6 Rd1+ 37. Rxd1 Qxd1+ 38. Qf1 Qg4+ 39. Qg2 Qd1+ 40. Qf1 Qg4+ 41. Qg2 Qd1+ 42. Qf1 1/2-1/2

[Event "Panevezys Elite Open 2019"]
[Site "Panevezys"]
[Date "2019.06.29"]
[Round "8.3"]
[White "Krykun, Yuriy"]
[Black "Laurusas, Tomas"]
[Result "1/2-1/2"]
[ECO "A06"]
[WhiteElo "2342"]
[BlackElo "2507"]
[Annotator "RC"]
[PlyCount "102"]
[EventDate "2019.06.24"]
[EventType "swiss"]
[EventCountry "LTU"]
[SourceTitle "playchess.com"]
[Source "ChessBase"]
[SourceQuality "1"]
[TimeControl "40/5400+30:1800+30"]

1. Nf3 d5 2. e3 c5 3. b3 Nf6 4. Bb2 Nc6 5. Bb5 Bd7 6. O-O e6 7. c4 a6 8. Bxc6 Bxc6 9. Ne5 Rc8 10. cxd5 Qxd5 11. Nxc6 Qxc6 12. d4 Be7 13. dxc5 Qxc5 14. Nd2 O-O 15. Rc1 Qf5 16. Rxc8 Rxc8 17. Qa1 Bf8 18. Rc1 Rd8 19. Nf3 Ne4 20. Rd1 Rd5 21. Rxd5 Qxd5 22. Qc1 f6 23. Nd4 e5 24. Ne2 Qd3 25. Ng3 Nc5 26. Ba3 b6 27. Qf1 Kf7 28. Qxd3 Nxd3 29. Bxf8 Kxf8 30. Ne2 b5 31. Nc3 b4 32. Nd5 e4 33. Kf1 Kf7 34. f3 f5 35. fxe4 fxe4 36. Ke2 a5 37. Kd2 g5 38. Nc7 Kf6 39. Nb5 Ke5 40. a3 Nc5 41. axb4 axb4 42. Nd4 Kd5 43. Ke2 h5 44. h3 h4 45. Kd2 Kd6 46. Ke2 Nd3 47. Kd2 Ke5 48. Ke2 Kf6 49. Kd2 g4 50. Ke2 Ke5 51. Kf1 gxh3 1/2-1/2

[Event "Panevezys Elite Open 2019"]
[Site "Panevezys"]
[Date "2019.06.29"]
[Round "8.4"]
[White "Stremavicius, Titas"]
[Black "Sulskis, Sarunas"]
[Result "0-1"]
[ECO "A35"]
[WhiteElo "2477"]
[BlackElo "2528"]
[Annotator "ChessBase"]
[PlyCount "214"]
[EventDate "2019.06.24"]
[EventType "swiss"]
[EventCountry "LTU"]
[SourceTitle "playchess.com"]
[Source "ChessBase"]
[SourceQuality "1"]
[TimeControl "40/5400+30:1800+30"]

1. c4 c5 2. Nc3 Nf6 3. Nf3 Nc6 4. e3 e5 5. d4 e4 6. Ne5 g6 7. Be2 Bg7 8. O-O O-O 9. Nxc6 dxc6 10. d5 cxd5 11. cxd5 a6 12. a4 Qd6 13. f4 exf3 14. Bxf3 h5 15. e4 Ng4 16. Bxg4 Bxg4 17. Qd3 Be5 18. h3 Bd7 19. Bh6 c4 20. Qe3 Rfb8 21. Qf2 f6 22. Be3 b6 23. a5 bxa5 24. Rxa5 Re8 25. Bc5 Qc7 26. Rfa1 Rab8 27. d6 Qb7 28. R5a2 Bxc3 29. bxc3 Qxe4 30. Bd4 Re6 31. Rxa6 h4 32. Kh2 g5 33. Rf1 Bc6 34. Ra5 Bd5 35. d7 Rd8 36. Re1 Qxe1 37. Qxe1 Rxe1 38. Rxd5 Re6 39. g3 Kf7 40. gxh4 gxh4 41. Kg2 Re7 42. Rd6 Re6 43. Rd5 Rc6 44. Kf3 Ke6 45. Rh5 Rxd7 46. Rxh4 Rd5 47. Ke4 Rf5 48. Rh8 Rf1 49. Re8+ Kf7 50. Ra8 Rc7 51. Kd5 Kg6 52. Rg8+ Rg7 53. Rxg7+ Kxg7 54. Kxc4 Rf5 55. Kd3 Kf7 56. c4 Ke6 57. Be3 Rh5 58. Bf4 Rxh3+ 59. Ke4 Rh4 60. c5 f5+ 61. Ke3 Rh3+ 62. Kd4 Rh1 63. Ke3 Rc1 64. Bd6 Rc3+ 65. Kf4 Rb3 66. Bf8 Rb4+ 67. Kf3 Rb3+ 68. Kf4 Rb4+ 69. Kf3 Kf6 70. Bd6 Rc4 71. Kg3 Re4 72. Bc7 Rd4 73. Bd6 Rd3+ 74. Kf4 Ke6 75. Bf8 Rd1 76. Bd6 Rf1+ 77. Ke3 Kf6 78. Ke2 Rb1 79. Kf3 Rb4 80. Bc7 Re4 81. Bd8+ Kg6 82. Bc7 Rb4 83. Bd6 Rb3+ 84. Kf4 Rc3 85. Be7 Kf7 86. Bd6 Ke6 87. Bf8 Rb3 88. Bd6 Ra3 89. Bf8 Kf6 90. Bd6 Ra4+ 91. Kf3 Ra1 92. Kg3 Re1 93. Kf3 Ke6 94. Kf4 Rf1+ 95. Ke3 Kd5 96. Ke2 Rg1 97. Kf2 Rg8 98. Ke3 Rg4 99. Kf3 Kd4 100. Bf8 Rg1 101. Bd6 Rc1 102. Kf4 Rf1+ 103. Kg5 Ke4 104. Kf6 f4 105. Ke6 f3 106. Bg3 Rg1 107. Bf2 Rg6+ {[%emt 0:00:17] Ke5+ Kxe5} 0-1